 Dungeon Crawl Stone Soup version 0.26-a0-651-gb41185065b (webtiles) character file.

Game seed: 1077095717412394055

133 Irenicus the Chopper (level 4, 22/40 HPs)
             Began as a Deep Dwarf Berserker on Oct 1, 2020.
             Was a Believer of Trog.
             Quit the game on level 3 of the Dungeon.
             The game lasted 00:07:30 (1334 turns).

Irenicus the Chopper (Deep Dwarf Berserker)         Turns: 1334, Time: 00:07:30

Health: 22/40      AC:  5    Str: 16    XL:     4   Next: 93%
Magic:  4/4        EV: 11    Int:  8    God:    Trog [**....]
Gold:   100        SH:  0    Dex: 13    Spells: 3/3 levels left

rFire    . . .     SeeInvis .   a - +0 hand axe
rCold    . . .     Faith    .   (no shield)
rNeg     . . .     Spirit   .   i - +0 ring mail
rPois    .         Reflect  .   (no helmet)
rElec    .         Harm     .   (no cloak)
rCorr    .         Rampage  .   (no gloves)
MR       .....                  (no boots)
Stlth    +.........             (no amulet)
HPRegen  0.00/turn              o - -4 ring of strength (curse)
MPRegen  0.09/turn              (no ring)

@: mighty, stab, non-regenerating
A: damage resistance, heal wounds, sense surroundings 1, no regeneration
a: Heal Wounds, Berserk, Trog's Hand, Renounce Religion


You were on level 3 of the Dungeon.
You worshipped Trog.
Trog was pleased with you.
You visited 1 branch of the dungeon, and saw 4 of its levels.

You collected 100 gold pieces.

Inventory:

Hand Weapons
 a - a +0 hand axe (weapon)
 m - a +2 vampiric short sword {!w}
   (You took it off a kobold on level 2 of the Dungeon)
Armour
 i - a +0 ring mail (worn)
   (You found it on level 1 of the Dungeon)
Jewellery
 o - a cursed -4 ring of strength (left hand)
   (You found it on level 2 of the Dungeon)
Scrolls
 e - 2 scrolls of identify
 h - 2 scrolls of blinking {!r}
Potions
 b - a potion of haste
 f - a potion of resistance
 g - a potion of lignification {!q}


   Skills:
 - Level 2.6 Fighting
 + Level 6.2 Axes
 - Level 2.1 Armour
 - Level 2.1 Dodging


You had 3 spell levels left.
You didn't know any spells.
Your spell library was empty.

Dungeon Overview and Level Annotations

Branches:
Dungeon (4/15)
 Temple: D:4-7

Altars:
Ashenzari
Okawaru
Xom
Yredelemnul
The Shining One


Innate Abilities, Weirdness & Mutations

You are resistant to damage.
You can heal yourself by infusing magical energy.
You passively map a small area around you.
You do not regenerate.


Message History

a +0 dagger; a +0 scale mail An ooze comes into view.
The ooze quivers.
You see here 12 gold pieces.
You now have 77 gold pieces (gained 12).
You hit the ooze.
The ooze is heavily wounded.
The ooze hits you.
You hit the ooze but do no damage.
The ooze is heavily wounded.
The ooze hits you.
* * * LOW HITPOINT WARNING * * *
You take 2 damage, and have 2/40 hp.
You hit the ooze.
The ooze is almost dead.
The ooze barely misses you.
You hit the ooze.
The ooze is almost dead.
The ooze hits you but does no damage.
You hit the ooze but do no damage.
The ooze is almost dead.
The ooze hits you.
You barely miss the ooze.
The ooze is almost dead.
The ooze hits you but does no damage.
You barely miss the ooze.
The ooze is almost dead.
The ooze hits you but does no damage.
You hit the ooze.
You kill the ooze!
Trog accepts your kill.
You now have 90 gold pieces (gained 13).
It was a potion of magic.
Magic courses through your body.
You open the door.
An adder comes into view.
The adder hisses angrily.
A red film seems to cover your vision as you go berserk!
You feel yourself moving faster!
You feel mighty! The adder bites you. The adder bites you but does no damage.
You now have 4/60 hp.
You hit the adder.
The adder is moderately wounded.
You hit the adder.
The adder is almost dead.
The adder barely misses you.
You hit the adder.
The adder is almost dead.
The adder misses you.
You barely miss the adder.
The adder is almost dead.
The adder barely misses you.
You slash the adder!
You kill the adder!
Trog accepts your kill.
You feel a strong urge to attack something.
You are no longer berserk.
You are exhausted.
You feel yourself slow down.
You now have 2/40 hp.
It was a potion of stabbing.
You feel ready to backstab.
It was a potion of might.
You feel very mighty all of a sudden.
It was a potion of heal wounds.
You feel much better.
You regained 20 hp, and now have 22/40 hp.
It was a potion of haste.
You feel yourself speed up.
You now have 100 gold pieces (gained 10).
Found an encrusted wooden wand.
Found a shimmering altar of Xom.
As you open the door, it creaks loudly!
There is an open door here.
You feel yourself speed up.
There is a shimmering altar of Xom here.
You see here a wand of random effects (23).
You open the door.
There is an open door here.
You recover from your berserk rage.
Found a stone staircase leading down.
An adder comes into view.
A frilled lizard comes into view.
The frilled lizard hisses angrily.
The adder hisses angrily.
Your extra speed is starting to run out.
The frilled lizard bites you but does no damage.
You barely miss the frilled lizard. The adder bites you but does no damage.
You slash the frilled lizard!
You kill the frilled lizard!
Trog accepts your kill.
You barely miss the adder. The adder misses you.
You slash the adder!
The adder is almost dead.
The adder bites you but does no damage.
You feel yourself slow down.
You miss the adder.
The adder is almost dead.
The adder bites you but does no damage.
You slash the adder!
You kill the adder!
Trog accepts your kill.
You see here an adder corpse.
Are you sure you want to abandon this character and quit the game? (Confirm with "yes".)

......#.## .#
.##.#.#..##.# #.# *.# ,
.##.#.#..##.# #.#* .#
*, .##.#.#...#.# #.. .#
* .##.#.#.#.#.# #.# *.#
, .+..#.....#.# #.# .#
.##.###.#...# #.# .# ,
###.###.#...###.###.###
................@†....#
* *
...........>....###.#.#
* ###.....#.#.##..# .#
, ####.#.#.##......., *
#.#.#.##..###.#., ** #
#.#......, ....*
#.#.##...# #. .. *,
#.##...# . .## #. #...#
, *


There were no monsters in sight!

Vanquished Creatures
  2 orc wizards (D:3)
  2 adders (D:3)
  An ooze (D:3)
  An adder skeleton (D:2)
  2 worms (D:2)
  2 leopard geckos
  2 orcs (D:3)
  6 giant cockroaches
  A goblin (D:1)
  4 hobgoblins
  7 jackals (D:1)
  A quokka (D:2)
  5 bats
  4 frilled lizards
  4 kobolds
  4 rats (D:1)
48 creatures vanquished.

Notes
Turn   | Place    | Note
-------+----------+-------------------------------------------
     0 | D:1      | Irenicus the Deep Dwarf Berserker began the quest for the
                  | Orb.
     0 | D:1      | Reached XP level 1. HP: 20/20 MP: 1/1
   135 | D:1      | Reached XP level 2. HP: 21/27 MP: 2/2
   178 | D:1      | Reached skill level 4 in Axes
   629 | D:2      | Reached ** piety under Trog
   642 | D:2      | Found a basalt altar of Yredelemnul.
   643 | D:2      | Found a broken altar of Ashenzari.
   646 | D:2      | Found a glowing golden altar of the Shining One.
   654 | D:2      | Reached XP level 3. HP: 22/33 MP: 3/3
   668 | D:2      | You fall into a shaft and drop 2 floors!
   893 | D:2      | Reached skill level 5 in Axes
  1024 | D:2      | Found an iron altar of Okawaru.
  1142 | D:3      | Reached XP level 4. HP: 11/40 MP: 4/4
  1143 | D:3      | HP: 9/40 [orc wizard/puff of frost (2)]
  1155 | D:3      | HP: 7/60 [something/magic dart (1)]
  1159 | D:3      | Reached skill level 6 in Axes
  1228 | D:3      | HP: 2/40 [ooze (2)]
  1288 | D:3      | Found a shimmering altar of Xom.
  1334 | D:3      | Quit the game

Illustrated notes

Levels and vault maps discovered:
D:1:      noname_arrival_rooms_in_the_neighbourhood, layout_loops_ring,
          nrook_uturn
D:2:      layout_loops_corners, grunt_temple_overflow_open,
          nicolae_overflow_crystal_walls, grunt_decor_cap
D:3:      layout_basic, xom_butterflies, uniq_grinder
D:4:      layout_layer_cave, minmay_temple_entry_butterflies,
          kennysheep_cluttered_room, hangedman_abyss_or_decor_passed,
          uniq_sigmund

Skill      XL: |  1  2  3  4 |
---------------+-------------+-----
Axes           | 4 5 6 |  6.2
Fighting       | |  2.6
Armour         | |  2.1
Dodging        | |  2.1

Action                   |  1- 3 |  4- 6 || total
-------------------------+-------+-------++-------
Melee: Hand axe          |   116 |    31 ||   147
       Short sword       |    23 |       ||    23
Invok: Berserk           |     3 |     1 ||     4
       Trog's Hand       |     1 |       ||     1
  Use: Scroll            |     5 |       ||     5
       Potion            |       |     6 ||     6
Armor: Animal skin       |     3 |       ||     3
       Leather armour    |    15 |       ||    15
       Ring mail         |    46 |    16 ||    62
       Skin              |       |    36 ||    36
Dodge: Dodged            |   105 |    13 ||   118

Table legend: (Time is in decaauts)
 A = Elapsed time spent in this place.
 B = Non-inter-level travel time spent in this place.
 C = Inter-level travel time spent in this place.
 D = Time resting spent in this place.
 E = Time spent auto-exploring this place.
 F = Levels seen in this place.
 G = Mean time per level.
                   A        B        C        D        E       F      G
               +--------+--------+--------+--------+--------+-----+--------+
         Total |   1364 |   1338 |     26 |      7 |     44 |   4 |  341.0 |
       Dungeon |   1364 |   1338 |     26 |      7 |     44 |   4 |  341.0 |
               +--------+--------+--------+--------+--------+-----+--------+

Top non-repeatable levels by time:
     D:1: 628 daAuts
     D:2: 406 daAuts
     D:3: 316 daAuts
     D:4: 13 daAuts

Table legend:
 A = Kills in this place as a percentage of kills in entire the game.
 B = Kills by you in this place as a percentage of kills by you in the entire game.
 C = Kills by friends in this place as a percentage of kills by friends in the entire game.
 D = Other kills in this place as a percentage of other kills in the entire game.
 E = Experience gained in this place as a percentage of experience gained in the entire game.
 F = Experience gained in this place divided by the number of levels of this place that you have seen.
                   A       B       C       D       E      F
               +-------+-------+-------+-------+-------+----------------------
         Total | 100.0 | 100.0 |   N/A |   N/A | 100.0 |  47.5
       Dungeon | 100.0 | 100.0 |   N/A |   N/A | 100.0 |  47.5
               +-------+-------+-------+-------+-------+----------------------
